 Dungeon Crawl Stone Soup version 0.17.1-3-g152610e (webtiles) character file.

30708 Kiel97 the Geomancer (level 13, -11/78 HPs)
             Began as a Deep Elf Earth Elementalist on Apr 20, 2016.
             Was a High Priest of Vehumet.
             Mangled by Maud
             ... wielding a +1 scimitar
              (15 damage)
             ... on level 5 of the Lair of Beasts on Apr 21, 2016.
             The game lasted 01:11:48 (23933 turns).

Kiel97 the Geomancer (Deep Elf Earth Elementalist) Turns: 23933, Time: 01:11:48

Health: -11/78     AC:  9    Str:  5    XL:     13   Next: 22%
Magic:  17/29      EV: 15    Int: 26    God:    Vehumet [*****.]
Gold:   1028       SH:  5    Dex: 15    Spells: 10 memorised, 1 level left

rFire  + . .     SeeInvis +     a - 74 stones
rCold  . . .     Clarity  .     e - +0 troll leather armour {Snorg}
rNeg   + . .     SustAt   .     H - +0 buckler
rPois  .         Gourm    .     E - +2 hat
rElec  .         Spirit   .     u - +0 cloak
rCorr  .         Warding  +     (no gloves)
rMut   .         Stasis   .     Q - +0 pair of boots
MR     +....                    p - amulet of warding
Stlth  ++........               x - ring of see invisible
                                G - ring of protection from fire

@: about to teleport, somewhat resistant to hostile enchantments, unstealthy
A: horns 1, sense surroundings 1, screaming 1
a: Renounce Religion


You were on level 5 of the Lair of Beasts.
You worshipped Vehumet.
Vehumet was extremely pleased with you.
You were not hungry.

You visited 2 branches of the dungeon, and saw 16 of its levels.
You also visited: Labyrinth.

You collected 1028 gold pieces.

Inventory:

Hand Weapons
 b - a +0 blowgun
 v - a +8 flail of protection
Missiles
 a - 74 stones (in hand)
 w - 70 poisoned needles
 z - 6 throwing nets (quivered)
Armour
 e - a +0 troll leather armour (worn) {Snorg}
 u - a +0 cloak (worn)
 E - a +2 hat (worn)
 H - a +0 buckler (worn)
 Q - a +0 pair of boots (worn)
Jewellery
 n - an uncursed amulet of regeneration
 p - an amulet of warding (around neck)
 x - a ring of see invisible (right hand)
 G - a ring of protection from fire (left hand)
Wands
 q - a wand of draining (6)
 t - a wand of disintegration (11)
 y - a wand of fireball (8)
 O - a wand of fireball (8)
 Y - a wand of lightning (10)
Scrolls
 g - 6 scrolls of remove curse
 j - a scroll of fog
 o - 3 scrolls of identify
 A - 3 scrolls of recharging
 F - a scroll of enchant armour
 M - a scroll of blinking
 N - a scroll of fear
 P - 2 scrolls of magic mapping
Potions
 k - 2 potions of agility
 l - 5 potions of curing
 m - 3 potions of haste
 C - 2 potions of brilliance
 D - a potion of magic
 S - a potion of berserk rage
 U - a potion of resistance
 Z - a potion of invisibility
Books
 c - a book of Geomancy

   Spells                             Type                      Level
   a - Sandblast                      Earth                        1
   b - Stoneskin                      Transmutation/Earth          2
   c - Passwall                       Transmutation/Earth          3
   d - Stone Arrow                    Conjuration/Earth            3
   e - Petrify                        Transmutation/Earth          4
   f - Lee's Rapid Deconstruction     Earth                        5
 h - a book of Death

   Spells                             Type                      Level
   a - Corpse Rot                     Necromancy                   2
   b - Sublimation of Blood           Necromancy                   2
   c - Agony                          Necromancy                   5
   d - Dispel Undead                  Necromancy                   5
   e - Excruciating Wounds            Charms/Necromancy            5
   f - Bolt of Draining               Conjuration/Necromancy       5
 r - a book of Unlife

   Spells                             Type                      Level
   a - Recall                         Summoning/Translocation      3
   b - Animate Dead                   Necromancy                   4
   c - Control Undead                 Necromancy                   4
   d - Cigotuvi's Embrace             Necromancy                   5
   e - Death Channel                  Necromancy                   6
   f - Simulacrum                     Ice/Necromancy               6
 s - a book of Minor Magic

   Spells                             Type                      Level
   a - Magic Dart                     Conjuration                  1
   b - Blink                          Translocation                2
   c - Call Imp                       Summoning                    2
   d - Repel Missiles                 Charms/Air                   2
   e - Slow                           Hexes                        2
   f - Conjure Flame                  Conjuration/Fire             3
   g - Mephitic Cloud                 Conjuration/Poison/Air       3
 B - a book of Power

   Spells                             Type                      Level
   a - Fulminant Prism                Conjuration/Hexes            4
   b - Iskenderun's Mystic Blast      Conjuration                  4
   c - Venom Bolt                     Conjuration/Poison           5
   d - Bolt of Magma                  Conjuration/Fire/Earth       5
   e - Iron Shot                      Conjuration/Earth            6
   f - Orb of Destruction             Conjuration                  7
   g - Spellforged Servitor           Conjuration/Summoning        7
Miscellaneous
 K - a disc of storms
Comestibles
 d - 15 bread rations
 f - 8 beef jerkies
 i - 2 chunks of flesh
 L - 16 fruits
 V - a slice of pizza
 W - a meat ration


   Skills:
 + Level 8.1 Fighting
 + Level 3.7 Armour
 - Level 7.0 Dodging
 - Level 2.4 Stealth
 - Level 4.0 Shields
 + Level 10.4 Spellcasting
 * Level 10.0 Conjurations
 - Level 4.0 Transmutations
 * Level 14.9 Earth Magic


You had one spell level left.
You knew the following spells:

 Your Spells              Type           Power        Failure   Level  Hunger
a - Sandblast             Erth           ######       0%          1    None
b - Stone Arrow           Conj/Erth      ######       1%          3    None
c - Passwall              Trmt/Erth      ######....   1%          3    None
d - Petrify               Trmt/Erth      ######..     1%          4    None
e - Lee's Rapid Deconstr  Erth           ######....   1%          5    ####...
f - Dazzling Spray        Conj/Hex       #####...     1%          3    None
g - Throw Frost           Conj/Ice       #####.       1%          2    None
h - Ignite Poison         Fire/Trmt/Pois ###.....     4%          3    None
i - Bolt of Draining      Conj/Necr      #####.....   7%          5    ####...
j - Sublimation of Blood  Necr           ##........   12%         2    None


Dungeon Overview and Level Annotations

Branches:
Dungeon (11/15)            Temple (0/1) D:4            Lair (5/8) D:11
  Swamp (0/4) Lair:3        Snake (0/4) Lair:5          Orc (0/4) D:11

Altars:
Ashenzari
Cheibriados
Dithmenos
Fedhas
Kikubaaqudgha
Makhleb
Nemelex Xobeh
Okawaru
Qazlal
Sif Muna
Vehumet
Yredelemnul
The Shining One

Annotations:
D:6 1 runed door
D:11 Centaur Warrior!
Lair:4 5-headed Hydra
Lair:5 Maud


Innate Abilities, Weirdness & Mutations

You have a pair of small horns on your head.
You passively map a small area around you.
You occasionally shout uncontrollably at your foes.


Message History

Maud is moderately wounded.
Casting: Stone Arrow
Confirm with . or Enter, or press ? or * to list all spells.
Aiming: Stone Arrow
Press: ? - help, Shift-Dir - straight line, f/p - Maud
Aim: Maud, wielding an enchanted scimitar and wearing a chain mail (moderately wounded)
The stone arrow misses Maud.
Maud drinks a potion.
Maud goes berserk!
You block Maud's attack. You block Maud's attack.
Maud hits you with an enchanted scimitar!!!
Ouch! That really hurt!
You hear an angry hiss.
Read which item? (? for menu, Esc to quit)
As you read the scroll of teleportation, it crumbles to dust.
You feel strangely unstable.
Maud hits you with an enchanted scimitar!!
* * * LOW HITPOINT WARNING * * *
Maud hits you with an enchanted scimitar!
You die...

,,**####..#.##P#.###########**#**
,,,.#...#.........#PP##....##.##%
,,,..............................
,,,........'##..#................
,,........#.####...........##....
###.....#.....#.#.....###.#.#*...
........+..............#...##*,,,
..P............P.............,,,+
.#......#.......@@.........#.#,,*
.........##...+........PP...##,,,
#.......#.#....#........#..#*,,,,
.........#.#P.##.........###**,,,
........P..####.#......S..,**,,,,
........P.#.....P.........,**,,,,
.......................#.,*,**,,*
.........†..............*,,,,#P..
#..#...................,**,,,,...


You could see Maud (berserk) and a black mamba (wandering).

Vanquished Creatures
  Snorg (Lair:4)
  Harold (Lair:1)
  A hydra (Lair:4)
  A minotaur (Lab)
  The ghost of Kiel97 the Geomancer, a journeyman DEEE of Vehumet (D:10)
  3 hill giants
  A griffon (Lair:2)
  2 ugly things
  A manticore (D:10)
  A cyclops (D:10)
  5 black mambas
  A centaur zombie (D:10)
  5 komodo dragons
  11 spiny frogs
  A minotaur zombie (Lab)
  3 blink frogs (Lair:3)
  A boulder beetle (Lair:4)
  A deep elf mage (D:11)
  A wraith (D:10)
  3 wyverns
  2 basilisks
  41 yaks
  7 wolves
  4 hippogriffs
  Menkaure (D:5)
  A deep elf fighter (D:11)
  6 water moccasins
  10 porcupines
  4 sky beasts
  5 orc warriors
  2 wasps
  3 ogres
  2 black bears
  3 centaurs
  7 crocodiles
  A wyvern zombie (D:9)
  15 giant frogs
  A gnoll sergeant (D:9)
  3 scorpions
  6 electric eels
  3 jellies
  6 killer bees (D:7)
  2 crimson imps
  3 hounds
  2 giant frog skeletons
  2 giant frog zombies
  10 iguanas
  4 centaur skeletons
  4 orc priests
  12 orc wizards
  10 sheep
  A killer bee zombie (D:8)
  6 worker ants
  2 hound skeletons
  2 worker ant zombies
  31 river rats
  11 adders
  21 gnolls
  2 shadow imps
  An ooze (D:2)
  5 adder skeletons
  7 worms
  42 orcs
  15 bats
  8 giant cockroaches
  9 hobgoblins
  9 jackals
  12 kobolds
  2 quokkas
  A ball python (Lair:5)
  5 giant geckos
  3 giant newts
  7 goblins
  A quokka skeleton (D:8)
  A quokka zombie (D:6)
  21 rats
  A fungus (D:11)
453 creatures vanquished.

Vanquished Creatures (others)
  22 fungi
  13 plants
35 creatures vanquished.

Grand Total: 488 creatures vanquished

Notes
Turn   | Place    | Note
--------------------------------------------------------------
     0 | D:1      | Kiel97 the Deep Elf Earth Elementalist began the quest for the Orb.
     0 | D:1      | Reached XP level 1. HP: 10/10 MP: 6/6
   192 | D:1      | Reached XP level 2. HP: 15/15 MP: 6/8
   469 | D:1      | Reached skill level 4 in Earth Magic
   833 | D:2      | Found a shadowy altar of Dithmenos.
   883 | D:2      | Reached XP level 3. HP: 20/20 MP: 6/9
   888 | D:2      | Learned a level 3 spell: Stone Arrow
  1099 | D:2      | Reached skill level 1 in Conjurations
  1145 | D:2      | Found a basalt altar of Yredelemnul.
  1387 | D:2      | Reached XP level 4. HP: 24/24 MP: 4/11
  1831 | D:3      | Reached skill level 1 in Fighting
  2008 | D:3      | Found a radiant altar of Vehumet.
  2349 | D:3      | Became a worshipper of Vehumet
  2382 | D:3      | Found a sparkling altar of Nemelex Xobeh.
  2464 | D:3      | HP: 1/25 [orc (3)]
  2811 | D:3      | Reached skill level 5 in Earth Magic
  2811 | D:3      | Reached XP level 5. HP: 18/29 MP: 5/12
  2929 | D:2      | Learned a level 3 spell: Passwall
  2934 | D:2      | Learned a level 4 spell: Petrify
  3054 | D:3      | Reached * piety under Vehumet
  3054 | D:3      | Offered knowledge of Freeze by Vehumet.
  3346 | D:4      | Reached XP level 6. HP: 26/35 MP: 4/14
  4219 | D:4      | Found a staircase to the Ecumenical Temple.
  4407 | D:5      | Entered Level 5 of the Dungeon
  4561 | D:5      | Reached skill level 6 in Earth Magic
  4683 | D:5      | Noticed Menkaure
  4686 | D:5      | Killed Menkaure
  4686 | D:5      | Reached XP level 7. HP: 32/40 MP: 10/16
  4927 | D:5      | Found a snail-covered altar of Cheibriados.
  4946 | D:5      | Reached skill level 5 in Spellcasting
  5026 | D:5      | Offered knowledge of Shock by Vehumet.
  5097 | D:5      | Found an ancient bone altar of Kikubaaqudgha.
  5464 | D:5      | Gained mutation: You occasionally shout uncontrollably at your foes. [potion of mutation]
  5464 | D:5      | Gained mutation: You passively map a small area around you. [potion of mutation]
  5464 | D:5      | Gained mutation: You have a pair of small horns on your head. [potion of mutation]
  5527 | D:5      | Learned a level 5 spell: Lee's Rapid Deconstruction
  5727 | D:6      | Found a runed door.
  5728 | D:6      | Found a glowing golden altar of the Shining One.
  5728 | D:6      | Noticed an angel
  5857 | D:6      | Found a shattered altar of Ashenzari.
  6173 | D:6      | Reached skill level 7 in Earth Magic
  6181 | D:6      | Reached ** piety under Vehumet
  6398 | D:6      | Reached XP level 8. HP: 35/46 MP: 9/18
  7176 | D:7      | Learned a level 2 spell: Stoneskin
  7453 | D:7      | Reached skill level 8 in Earth Magic
  8072 | D:7      | Found a burning altar of Makhleb.
  8072 | D:7      | Found an iron altar of Okawaru.
  8073 | D:7      | Found a deep blue altar of Sif Muna.
  8430 | D:8      | Reached XP level 9. HP: 52/52 MP: 18/21
  8532 | D:8      | Reached skill level 5 in Fighting
  8902 | D:8      | Reached skill level 9 in Earth Magic
  9565 | D:9      | Offered knowledge of Throw Frost by Vehumet.
  9914 | D:9      | Found a stormy altar of Qazlal.
  9935 | D:9      | Reached *** piety under Vehumet
 10093 | D:9      | Reached skill level 5 in Conjurations
 10264 | D:9      | Learned a level 2 spell: Throw Frost
 10345 | D:9      | Reached skill level 10 in Earth Magic
 10576 | D:9      | Offered knowledge of Ignite Poison by Vehumet.
 10579 | D:9      | Reached XP level 10. HP: 36/60 MP: 12/22
 10699 | D:9      | Learned a level 3 spell: Ignite Poison
 10822 | D:10     | Entered Level 10 of the Dungeon
 10999 | D:10     | Noticed a hill giant
 11008 | D:10     | Killed a hill giant
 11126 | D:10     | Reached skill level 5 in Dodging
 11142 | D:10     | Reached skill level 11 in Earth Magic
 12074 | D:10     | Reached **** piety under Vehumet
 12262 | D:10     | Noticed a hill giant
 12290 | D:10     | Killed a hill giant
 12508 | D:10     | Noticed Kiel97's ghost (journeyman DEEE)
 12519 | D:10     | Killed Kiel97's ghost
 12578 | D:10     | Noticed a cyclops
 12602 | D:10     | Found a blossoming altar of Fedhas.
 12641 | D:10     | Killed a cyclops
 12641 | D:10     | Reached skill level 12 in Earth Magic
 12641 | D:10     | Reached XP level 11. HP: 66/66 MP: 20/23
 12795 | D:10     | Noticed a manticore
 12803 | D:10     | Killed a manticore
 13660 | D:10     | Offered knowledge of Dazzling Spray by Vehumet.
 14549 | D:11     | Noticed a centaur warrior
 14902 | D:11     | Found a staircase to the Lair.
 14908 | D:11     | Noticed a hill giant
 14935 | D:11     | Killed a hill giant
 14935 | D:11     | Reached skill level 1 in Shields
 15220 | Lair:1   | Entered Level 1 of the Lair of Beasts
 15248 | Lair:1   | Noticed Harold
 15255 | Lair:1   | HP: 2/67 [Harold/bolt of fire (40)]
 15257 | Lair:1   | Killed Harold
 16921 | Lair:2   | Reached skill level 13 in Earth Magic
 17588 | Lair:2   | Learned a level 3 spell: Dazzling Spray
 17886 | Lair:2   | Reached XP level 12. HP: 72/72 MP: 18/26
 19041 | Lair:3   | Reached skill level 1 in Armour
 19101 | Lair:3   | Reached ***** piety under Vehumet
 19551 | Lair:3   | Reached skill level 14 in Earth Magic
 19884 | Lair:3   | Found a staircase to the Swamp.
 20350 | Lair:3   | Offered knowledge of Conjure Ball Lightning by Vehumet.
 20830 | Lair:4   | Noticed Snorg
 21366 | Lair:4   | Killed Snorg
 21366 | Lair:4   | Reached skill level 10 in Spellcasting
 21485 | Lair:4   | Noticed a five-headed hydra
 22389 | Lair:5   | Found a labyrinth entrance.
 22400 | Lab      | Entered a labyrinth
 23003 | Lab      | Noticed a minotaur
 23006 | Lab      | Killed a minotaur
 23006 | Lab      | Reached XP level 13. HP: 78/78 MP: 25/29
 23026 | Lab      | Learned a level 5 spell: Bolt of Draining
 23029 | Lab      | Learned a level 2 spell: Sublimation of Blood
 23439 | Lair:4   | Killed a five-headed hydra
 23736 | Lair:5   | Found a staircase to the Snake Pit.
 23785 | Lair:5   | Offered knowledge of Force Lance by Vehumet.
 23883 | Lair:5   | Reached skill level 10 in Conjurations
 23918 | Lair:5   | Noticed Maud
 23933 | Lair:5   | Mangled by Maud

Action                   |  1- 3 |  4- 6 |  7- 9 | 10-12 | 13-15 || total
-------------------------+-------+-------+-------+-------+-------++-------
Melee: Club              |     7 |       |       |       |       ||     7
       Rapier            |       |     3 |       |       |       ||     3
       Flail             |       |       |     1 |       |       ||     1
 Fire: Blowgun           |       |     2 |       |    25 |       ||    27
Throw: Throwing net      |       |       |       |     1 |       ||     1
 Cast: Sandblast         |    62 |    76 |    73 |   152 |    29 ||   392
       Stone Arrow       |     2 |    30 |   139 |   337 |    33 ||   541
       Ignite Poison     |       |       |       |     9 |       ||     9
       Throw Frost       |       |       |       |     2 |     1 ||     3
       Passwall          |       |       |       |     1 |       ||     1
       Lee's Rapid Decon |       |       |       |     1 |       ||     1
       Stoneskin         |       |       |       |     1 |       ||     1
       Dazzling Spray    |       |       |       |     2 |     2 ||     4
       Bolt of Draining  |       |       |       |       |     4 ||     4
       Sublimation of Bl |       |       |       |       |     2 ||     2
  Use: Potion            |       |     1 |     7 |       |       ||     8
       Scroll            |       |       |    18 |     6 |    13 ||    37
 Stab: Distracted        |       |     2 |       |     1 |       ||     3
       Sleeping          |       |       |       |     2 |       ||     2
  Eat: Chunk             |     1 |    11 |    13 |    19 |     3 ||    47
       Pizza             |       |       |     2 |     1 |       ||     3
       Meat ration       |       |       |     1 |     1 |       ||     2
       Bread ration      |       |       |       |     2 |       ||     2
       Fruit             |       |       |       |     4 |       ||     4
